Map: Dusk Towers

Players

BnC - Winner!

  • Race: Protoss Protoss
  • League: Silver

LilDicky

  • Race: Terran Terran
  • League: Diamond

VOD

http://www.twitch.tv/tumescentpie

Description

Time

  • Played on: Jan. 3, 2016, 5:05 a.m.
  • Length: 6:53
Show
View Real Time Build Order
Export as new Build Order

BnC Protoss - Winner!

Build Orders: 1 Gate Expand 

Get SALT Encoding   

  12  0:02  Probe (Chrono Boost)  
  13  0:12  Probe (Chrono Boost)  
  14  0:23  Probe (Chrono Boost)  
  14  0:24  Pylon  
  15  0:42  Probe (Chrono Boost)  
  16  0:43  Gateway  
  16  0:47  Assimilator  
  16  0:53  Probe (Chrono Boost)  
  17  1:03  Probe (Chrono Boost)  
  18  1:20  Nexus  
  18  1:32  Cybernetics Core  
  18  1:37  Pylon  
  19  1:40  Probe (Chrono Boost)  
  19  1:50  Probe (Chrono Boost)  
  20  2:01  Probe (Chrono Boost)  
  21  2:02  Assimilator  
  21  2:09  Warp Gate  
  21  2:13  Mothership Core (Chrono Boost)  
  23  2:31  Probe (Chrono Boost)  
  25  2:37  Probe (Chrono Boost)  
  25  2:42  Probe (Chrono Boost)  
  26  2:46  Gateway  
  26  2:47  Gateway, Probe (Chrono Boost)  
  27  2:57  Gateway  
  27  2:58  Probe (Chrono Boost)  
  28  3:02  Pylon  
  28  3:07  Probe (Chrono Boost)  
  28  3:08  Probe (Chrono Boost)  
  30  3:17  Probe (Chrono Boost), Forge  
  30  3:19  Probe (Chrono Boost)  
  32  3:28  Probe (Chrono Boost)  
  32  3:29  Probe (Chrono Boost)  
  34  3:40  Pylon  
  34  3:42  Probe (Chrono Boost)  
  34  3:43  Pylon  
  35  3:51  Photon Cannon  
  35  3:53  Probe (Chrono Boost)  
  36  3:57  Probe (Chrono Boost)  
  37  4:03  Probe (Chrono Boost), Photon Cannon  
  38  4:12  Probe (Chrono Boost)  
  38  4:14  Stalker x3, Probe (Chrono Boost)  
  38  4:16  Stalker  
  48  4:22  Probe (Chrono Boost)  
  49  4:26  Twilight Council  
  49  4:29  Pylon  
  49  4:31  Pylon  
  49  4:37  Assimilator  
  49  4:41  Assimilator  
  49  4:48  Stalker x3  
  47  5:09  Stalker  
  47  5:11  Stalker x2  
  47  5:12  Stalker  
  47  5:17  Mothership Core (Chrono Boost)  
  45  5:35  Photon Cannon  
  38  5:36  Photon Cannon  
  38  5:37  Zealot x4  
  43  5:52  Pylon  
  43  5:54  Pylon  
  37  5:58  Zealot  
  37  5:59  Zealot x2  
  37  6:44  Gateway  
  37  6:47  Cybernetics Core  
Show
View Real Time Build Order
Export as new Build Order

LilDicky Terran 

Build Orders: MMM Bio 

Get SALT Encoding   

  12  0:02  SCV  
  13  0:14  SCV  
  13  0:18  Supply Depot  
  14  0:26  SCV  
  15  0:40  SCV  
  16  0:44  Barracks  
  16  0:52  SCV  
  16  0:54  Refinery  
  17  1:04  SCV  
  18  1:16  SCV  
  19  1:28  SCV  
  19  1:31  Marine  
  19  1:32  Supply Depot  
  21  1:40  Orbital Command  
  21  1:50  Barracks Tech Lab  
  21  1:53  Barracks x2  
  21  2:06  SCV  
  21  2:07  Refinery  
  22  2:09  Supply Depot  
  22  2:14  Stimpack  
  22  2:16  Marine  
  23  2:24  SCV  
  24  2:40  Barracks Reactor  
  24  2:41  Barracks Tech Lab, Marine  
  24  2:43  SCV  
  26  2:55  SCV  
  27  2:58  Combat Shields  
  27  2:59  Marine  
  27  3:00  Marine  
  29  3:07  SCV  
  29  3:09  Supply Depot  
  30  3:17  Marine  
  30  3:18  Marine x2  
  30  3:19  SCV, Marauder  
  36  3:31  SCV  
  37  3:35  Marine  
  37  3:36  Marine  
  37  3:37  Marine  
  37  3:41  Marauder  
  42  3:44  SCV  
  43  3:53  Marine, Marauder  
  46  3:56  Supply Depot  
  46  4:07  SCV  
  47  4:17  Marine x2  
  47  4:18  Marauder x2  
  47  4:21  Concussive Shells  
  53  4:32  SCV  
  53  4:35  Marine x2  
  56  4:39  Marauder, Marine  
  40  5:17  Marine x2  
  40  5:18  Marauder, Marine  
  39  5:35  Marine x2  
  38  5:36  Marauder  
  31  5:59  Marine x2  
  31  6:00  Marine x2  
  31  6:01  SCV  
  36  6:17  Marine x2  
  31  6:33  Marine  
  31  6:34  Marine  
  31  6:36  SCV  
Tags
 
Add a new tag
Caveats
  • Supply blocks, unpowered buildings, or Contaminate may cause inaccurate times.
  • Supply counts are checked every 10 seconds.